 Dungeon Crawl Stone Soup version 0.19-a0-1384-gbb462ca (webtiles) character file.

224 st0uf the Shield-Bearer (level 6, -2/48 HPs)
             Began as a Formicid Fighter on Sept 3, 2016.
             Slain by an ogre
             ... wielding a +0 giant club
              (28 damage)
             ... on level 4 of the Dungeon.
             The game lasted 00:11:18 (2700 turns).

st0uf the Shield-Bearer (Formicid Fighter)          Turns: 2700, Time: 00:11:19

Health: -2/48      AC:  7    Str: 22    XL:     6   Next: 20%
Magic:  6/6        EV:  9    Int:  7    God:
Gold:   174        SH: 10    Dex: 11    Spells: 0 memorised, 5 levels left

rFire  + . .     SeeInvis +     a - +0 war axe
rCold  . . .     Gourm    +     b - +0 scale mail
rNeg   . . .     Faith    .     c - +0 shield
rPois  .         Spirit   .     (helmet unavailable)
rElec  .         Dismiss  .     (no cloak)
rCorr  .         Reflect  .     (no gloves)
MR     .....     Harm     .     (no boots)
Stlth  ..........               E - amulet of the gourmand
                                w - ring of teleportation (curse)
                                F - ring of protection from fire

@: no status effects
A: permanent stasis, dig shafts and tunnels, four strong arms, antennae 3
a: Dig, Shaft Self


You were on level 4 of the Dungeon.
You were not hungry.

You visited 1 branch of the dungeon, and saw 4 of its levels.

You collected 174 gold pieces.

Inventory:

Hand Weapons
 a - a +0 war axe (weapon)
 h - a +0 hand axe of flaming
Armour
 b - a +0 scale mail (worn)
 c - a +0 shield (worn)
 u - a +3 scale mail of magic resistance
Jewellery
 s - an uncursed ring of magical power
 w - a cursed ring of teleportation (right hand)
 E - an amulet of the gourmand (around neck)
 F - a ring of protection from fire (left hand)
Scrolls
 g - a scroll of recharging {unknown}
 k - a scroll of fog {unknown}
 m - 4 scrolls of remove curse {unknown}
 o - a scroll of noise {unknown}
 p - 4 scrolls of identify {unknown}
 r - a scroll of enchant armour {unknown}
 x - a scroll of amnesia {unknown}
 G - a scroll of teleportation {unknown}
Potions
 d - a potion of might
 e - a potion of cancellation {unknown}
 i - 6 potions of curing {unknown}
 l - a potion of heal wounds {unknown}
 n - 2 potions of haste {unknown}
 q - 2 potions of agility {unknown}
 t - a potion of brilliance {unknown}
 D - a potion of degeneration {unknown}
Books
 y - a Necronomicon

   Spells                             Type                      Level
   a - Haunt                          Necromancy/Summoning         7
   b - Borgnjor's Revivification      Necromancy                   8
   c - Death's Door                   Charms/Necromancy            8
   d - Infestation                    Necromancy                   8
   e - Necromutation                  Transmutation/Necromancy     8
 B - a book of Conjurations

   Spells                             Type                      Level
   a - Magic Dart                     Conjuration                  1
   b - Searing Ray                    Conjuration                  2
   c - Dazzling Spray                 Conjuration/Hexes            3
   d - Fulminant Prism                Conjuration/Hexes            4
   e - Iskenderun's Mystic Blast      Conjuration                  4
   f - Iskenderun's Battlesphere      Conjuration/Charms           5
Comestibles
 f - 5 bread rations
 j - a beef jerky
 v - a royal jelly
 z - a slice of pizza
 A - 4 fruits


   Skills:
 + Level 4.2 Fighting
 + Level 3.3 Axes
 + Level 4.1 Armour
 + Level 1.9 Dodging
 + Level 4.8 Shields


You had 5 spell levels left.
You didn't know any spells.

Dungeon Overview and Level Annotations

Branches:
Dungeon (4/15)
 Temple: D:4-7

Altars:
Cheibriados
Trog
Vehumet
Yredelemnul

Annotations:
D:2 1 runed door


Innate Abilities, Weirdness & Mutations

You are under a permanent stasis effect.
You can dig through walls and to a lower floor.
Your four strong arms can wield two-handed weapons with a shield.
You have a pair of large antennae on your head. (SInv)


Message History

Found 29 stones.
Found a whip.
The ogre shouts!
The ogre is too close now for your liking.
You barely miss the ogre. The ogre hits you with a giant club!
You barely miss the ogre. The ogre hits you with a giant club.
You hit the ogre.
The ogre is moderately wounded.
You block the ogre's attack.
You hit the ogre.
The ogre is moderately wounded.
The ogre hits you with a giant club!
You hit the ogre.
The ogre is heavily wounded.
You block the ogre's attack.
You hit the ogre.
The ogre is severely wounded.
You block the ogre's attack. The ogre hits you with a giant club!!
Ouch! That really hurt!
You die...

#...#### ##.#....####
#..........###
#.......##...####
#...(...####....###
#####..)..## ####...##
##.......#..# ###...
#........##.## ###.
.......@.....## ####.
.......O.###..#### #....
.........# #.....###.###
#.........###...>.....# #
#.......(.......#.##<####
#........................
#...........######.##.###
#...........##........^..
#.........#..#.##........


You could see an ogre.

Vanquished Creatures
  An orc priest (D:4)
  Terence (D:3)
  Jessica (D:2)
  Ijyb (D:3)
  4 adders
  An ooze (D:3)
  3 worms
  3 dart slugs
  A giant gecko (D:2)
  3 orcs
  6 giant cockroaches
  4 goblins
  A hobgoblin (D:1)
  6 jackals
  A quokka (D:2)
  10 bats
  3 giant newts
  5 kobolds
  8 rats
63 creatures vanquished.

Notes
Turn   | Place    | Note
-------+----------+-------------------------------------------
     0 | D:1      | st0uf the Formicid Fighter began the quest for the Orb.
     0 | D:1      | Reached XP level 1. HP: 18/18 MP: 1/1
   206 | D:1      | Reached XP level 2. HP: 18/24 MP: 2/2
   526 | D:1      | Reached XP level 3. HP: 29/29 MP: 3/3
   631 | D:2      | Noticed Terence
   822 | D:2      | Noticed Jessica
   842 | D:2      | Killed Jessica
   842 | D:2      | Reached skill level 1 in Dodging
   842 | D:2      | Reached XP level 4. HP: 20/36 MP: 4/4
  1036 | D:2      | Found a snail-covered altar of Cheibriados.
  1069 | D:2      | Found a bloodstained altar of Trog.
  1132 | D:2      | Found a snail-covered altar of Cheibriados.
  1244 | D:2      | Found a runed door.
  1298 | D:2      | Reached XP level 5. HP: 29/42 MP: 5/5
  1595 | D:3      | Killed Terence
  1713 | D:3      | Noticed Ijyb
  1737 | D:3      | Killed Ijyb
  1769 | D:3      | Found a radiant altar of Vehumet.
  2005 | D:4      | Found a basalt altar of Yredelemnul.
  2210 | D:4      | Noticed an ogre
  2229 | D:3      | Reached XP level 6. HP: 24/48 MP: 6/6
  2700 | D:4      | Slain by an ogre

Vault maps used:
D:1:      sevenhm_arrival_forest_fort_small_3, minmay_misc_feat_enclosed
D:2:      overflow_temple_1_default, kennysheep_slug_shrine, first_bread,
          minmay_hexomino_r4, uniq_terence, uniq_jessica,
          uniq_crazy_yiuf_cottage
D:3:      vehumet_crystals, kennysheep_generic_room_6, uniq_iyjb
D:4:      yredelemnul_altar_generic

Skill      XL: |  1  2  3  4  5 |
---------------+----------------+-----
Shields        | 4 |  4.8
Dodging        | 1 |  1.9
Axes           | 3 |  3.3
Fighting       | 4 |  4.2
Armour         | 4 |  4.1

Action                   |  1- 3 |  4- 6 || total
-------------------------+-------+-------++-------
Melee: War axe           |    91 |   149 ||   240
  Eat: Chunk             |       |     8 ||     8
Armor: Scale mail        |    42 |    60 ||   102
Dodge: Dodged            |    54 |    54 ||   108
Block: Shield            |    77 |    74 ||   151
